 Dungeon Crawl Stone Soup version 0.29.1-2-gbd0b4ee654 (webtiles) character file.

Game seed: 16051640238511263725

549 cdecastro the Firebug (level 7, -2/52 HPs)
             Began as a Mummy Cinder Acolyte on Nov 2, 2022.
             Was a High Priest of Ignis.
             Slain by Dowan
             ... wielding a +0 dagger
              (4 damage)
             ... on level 4 of the Dungeon on Nov 4, 2022.
             The game lasted 00:09:42 (4486 turns).

cdecastro the Firebug (Mummy Cinder Acolyte)        Turns: 4486, Time: 00:09:43

Health: -2/52      AC:  4    Str: 17    XL:     7   Next: 7%
Magic:  4/9        EV: 11    Int: 22    God:    Ignis [*****.]
Gold:   124        SH:  0    Dex:  7    Spells: 2/8 levels left

rFire   . . .      SeeInvis .   j - +2 hammer (vorpal)
rCold   + . .      Faith    .   (no shield)
rNeg    + + +      Spirit   .   b - +0 robe
rPois   ∞          Reflect  .   e - +1 helmet
rElec   .          Harm     .   (no cloak)
rCorr   .          Rampage  .   (no gloves)
Will    +....                   (no boots)
Stlth   +.........              (no amulet)
HPRegen 0.17/turn               i - +6 ring of intelligence
MPRegen 0.11/turn               n - ring of willpower

@: about to teleport
A: cold resistance 1, negative energy resistance 3, torment resistance 2, heat
vulnerability 1, in touch with death 1, no potions
a: Renounce Religion, Fiery Armour, Foxfire Swarm, Rising Flame


You were on level 4 of the Dungeon.
You worshipped Ignis.
Ignis was extremely pleased with you.
You visited 1 branch of the dungeon, and saw 4 of its levels.

You collected 124 gold pieces.

Inventory:

Hand Weapons
 a - a -1 spear of flaming
 j - a +2 vorpal hammer (weapon)
Missiles
 c - 43 stones (quivered)
 f - 6 boomerangs
 k - 3 poisoned darts
 o - 5 curare-tipped darts
Armour
 b - a +0 robe (worn)
 e - a +1 helmet (worn)
 m - a +1 scale mail of cold resistance
Jewellery
 i - a +6 ring of intelligence (left hand)
 n - a ring of willpower (right hand)
Wands
 l - a wand of iceblast (10)
Scrolls
 d - a scroll of vulnerability {unknown}
 g - a scroll of immolation {unknown}
 h - a scroll of enchant weapon {unknown}
 p - a scroll of teleportation


   Skills:
 - Level 3.0 Fighting
 - Level 2.4 Polearms
 - Level 1.3 Spellcasting
 + Level 6.8 Fire Magic


You had 2 spell levels left.
You knew the following spells:

 Your Spells              Type           Power      Damage    Failure   Level
a - Scorch                Fire           62%        2d8       1%          2
b - Foxfire               Conj/Fire      64%        2x1d7     3%          1
c - Conjure Flame         Conj/Fire      16%        6-21      11%         3

Your spell library contained the following spells:

 Spells                   Type           Power      Damage    Failure   Level
 Apportation              Tloc           2%         N/A       14%         1
 Necrotise                Necr           8%         1d4       14%         1
 Summon Small Mammal      Summ           4%         N/A       14%         1
 Inner Flame              Hex/Fire       16%        N/A       11%         3
 Flame Wave               Conj/Fire      16%        2d7       36%         4
 Vampiric Draining        Necr           2%         2d6       41%         3
 Fireball                 Conj/Fire      8%         3d6       71%         5
 Agony                    Necr           2%         N/A       99%         5
 Starburst                Conj/Fire      8%         6d4       99%         6
 Ignition                 Fire           15%        3d6       100%        8


Dungeon Overview and Level Annotations

Branches:
Dungeon (4/15)
 Temple: D:4-7

Altars:
Ru
Wu Jian

Shops:
D:1 (

Annotations:
D:2 1 runed translucent door, Crazy Yiuf
D:4 Dowan


Innate Abilities, Weirdness & Mutations

You are immune to poison.
Your flesh is cold resistant. (rC+)
You are immune to negative energy. (rN+++)
You are immune to unholy pain and torment.
You are vulnerable to heat. (rF-)
You are in touch with the powers of death.
You do not drink.


Message History

The gnoll hits you with a +0 club.
* * * LOW HITPOINT WARNING * * *
You see here a ball python corpse.
Unknown command.
The gnoll attacks as you move away! The gnoll hits you with a +0 club.
* * * LOW HITPOINT WARNING * * *
Casting: Scorch (safe; 1% risk of failure)
Confirm with . or Enter, or press ? or * to list all spells.
The fire begins to smoulder!
The gnoll hits you with a +0 club.
* * * LOW HITPOINT WARNING * * *
Dowan mumbles some strange words.
Dowan blinks!
Unknown command.
Dowan attacks as you move away! Dowan hits you with a +0 dagger.
* * * LOW HITPOINT WARNING * * *
The gnoll smothers the flame.
The gnoll attacks as you move away! The gnoll hits you but does no damage.
Things that are here:
a +0 hand axe; a +0 scale mail The gnoll attacks as you move away!
The gnoll hits you but does no damage.
Dowan gestures wildly while chanting.
Dowan blinks!
You barely miss Dowan. The gnoll closely misses you.
Dowan hits you with a +0 dagger.
* * * LOW HITPOINT WARNING * * *
The adder barely misses you.
Unknown command.
As you read the scroll labelled GABLUO ZIAB, it crumbles to dust.
You feel strangely unstable.
It was a scroll of teleportation.
The gnoll hits you with a +0 club.
* * * LOW HITPOINT WARNING * * *
Dowan completely misses you. The adder bites you but does no damage.
You can't drink.
You barely miss Dowan. The adder bites you but does no damage.
Dowan gestures at you while chanting. The puff of flame hits you.
* * * LOW HITPOINT WARNING * * *
The gnoll barely misses you. The adder closely misses you.
Dowan hits you with a +0 dagger.
You die...

###)### #.# #.# #.#
#g# #.# #.#######
##.S......
#g@#########
#e##.......###
#.......♣..#.#####.
####...._).#.<<....
#.......#..####.
#.......##.#
#..........#
#.......####
#....~..#


You could see Dowan, 2 gnolls and an adder.

Vanquished Creatures
  Sigmund (D:2)
  A necrophage (D:3)
  A hound (D:3)
  Ijyb (D:3)
  An iguana (D:3)
  2 orc wizards (D:3)
  Robin (D:3)
  5 gnolls
  8 adders
  A worm (D:2)
  3 orcs
  4 endoplasms
  A giant cockroach (D:3)
  11 goblins
  7 hobgoblins
  6 quokkas
  10 ball pythons
  6 bats
  A frilled lizard (D:3)
  3 kobolds
  A rat (D:1)
75 creatures vanquished.

Vanquished Creatures (others)
  5 foxfires
5 creatures vanquished.

Grand Total: 80 creatures vanquished

Notes
Turn   | Place    | Note
-------+----------+-------------------------------------------
     0 | D:1      | cdecastro the Mummy Cinder Acolyte began the quest for the
                  | Orb.
     0 | D:1      | Reached XP level 1. HP: 18/18 MP: 2/2
   159 | D:1      | Found a faded altar of an unknown god.
   183 | D:1      | Found Leokhlusu's Antique Weapon Emporium.
   885 | D:1      | Reached skill level 3 in Fire Magic
   885 | D:1      | Reached XP level 2. HP: 18/24 MP: 4/4
   888 | D:1      | Learned a level 2 spell: Scorch
  1182 | D:2      | Gained mutation: You are in touch with the powers of death.
                  | [Mummy growth]
  1182 | D:2      | Reached XP level 3. HP: 25/29 MP: 0/5
  1283 | D:2      | Found a runed translucent door.
  1284 | D:2      | Noticed Crazy Yiuf
  1589 | D:2      | Reached skill level 4 in Fire Magic
  1986 | D:2      | Reached XP level 4. HP: 35/35 MP: 1/6
  2311 | D:2      | Found a sacrificial altar of Ru.
  2466 | D:3      | Noticed Ijyb
  2498 | D:3      | Killed Ijyb
  2499 | D:3      | Reached XP level 5. HP: 32/41 MP: 0/7
  2683 | D:3      | Noticed Robin
  2965 | D:3      | Killed Robin
  2969 | D:3      | Reached skill level 5 in Fire Magic
  3076 | D:3      | Learned a level 1 spell: Foxfire
  3080 | D:3      | Learned a level 3 spell: Conjure Flame
  3463 | D:3      | Noticed Sigmund
  3622 | D:2      | Killed Sigmund
  3623 | D:2      | Reached skill level 6 in Fire Magic
  3623 | D:2      | Reached XP level 6. HP: 33/47 MP: 6/8
  4065 | D:3      | Reached XP level 7. HP: 48/52 MP: 2/9
  4278 | D:4      | Found an ornate altar of the Wu Jian Council.
  4458 | D:4      | Noticed Dowan
  4486 | D:4      | HP: 2/52 [Dowan/puff of flame (4)]
  4486 | D:4      | Slain by Dowan

Illustrated notes

Levels and vault maps discovered:
D:1:      minmay_arrival_nine_rooms, layout_loops_ring, serial_shops,
          nicolae_shop_overgrown_old_shop, ebering_ecumenical_altar_mist
D:2:      layout_rooms, basic_altar, uniq_crazy_yiuf_cottage
D:3:      minmay_diamond_boxcup, layout_loops_ring,
          minmay_misc_feat_more_columns, grunt_decor_one_mirror,
          kennysheep_decorative_pillar, uniq_ijyb, uniq_sigmund, uniq_robin
D:4:      layout_rooms, nzn_wu_jian_contemplation, led_sif_pool,
          minmay_liquid_box, minmay_between, uniq_menkaure, uniq_blork_the_orc,
          uniq_duvessa

Skill      XL: |  1  2  3  4  5 |
---------------+----------------+-----
Fire Magic     | 3 4 6 |  6.8
Fighting       | |  3.0
Polearms       | |  2.4
Spellcasting   | |  1.3

Action                   |  1- 3 |  4- 6 |  7- 9 || total
-------------------------+-------+-------+-------++-------
Melee: Spear             |    49 |       |       ||    49
       Mace              |    24 |    39 |    18 ||    81
 Cast: Scorch            |    14 |    40 |     6 ||    60
       Foxfire           |       |     3 |       ||     3
       Conjure Flame     |       |       |     1 ||     1
  Use: Scroll            |       |       |     1 ||     1
 Stab: Sleeping          |     1 |       |       ||     1
Armor: Robe              |    24 |    19 |     9 ||    52
Dodge: Dodged            |    45 |    47 |    17 ||   109
